 Dungeon Crawl Stone Soup version 0.22-a0-369-gc73351f (webtiles) character file.

16 iamserjio the Sneak (level 2, -1/14 HPs)
             Began as a Vine Stalker Enchanter on Apr 24, 2018.
             Slain by Jessica
             ... wielding a +0 club
              (2 damage)
             ... on level 2 of the Dungeon.
             The game lasted 00:04:08 (1375 turns).

iamserjio the Sneak (Vine Stalker Enchanter)        Turns: 1375, Time: 00:04:09

Health: -1/14      AC:  3    Str: 10    XL:     2   Next: 54%
Magic:  0/6        EV: 12    Int: 15    God:
Gold:   84         SH:  0    Dex: 14    Spells: 4/5 levels left

rFire    . . .     SeeInvis .   a - +1 dagger
rCold    . . .     Gourm    .   (no shield)
rNeg     . . .     Faith    .   b - +0 robe
rPois    .         Spirit   +   (no helmet)
rElec    .         Reflect  .   e - +0 cloak
rCorr    .         Harm     .   (no gloves)
MR       .....                  (no boots)
Stlth    ++........             (no amulet)
HPRegen  0.04/turn              (no ring)
MPRegen  0.10/turn              (no ring)

@: no status effects
A: fangs 2, magic shield, antimagic bite, no potion heal 3, rot immunity
a: no special abilities


You were on level 2 of the Dungeon.
You were not hungry.

You visited 1 branch of the dungeon, and saw 2 of its levels.

You collected 84 gold pieces.

Inventory:

Hand Weapons
 a - a +1 dagger (weapon)
 i - a cursed -3 dagger
 m - a +0 rapier
Armour
 b - a +0 robe (worn)
 e - a +0 cloak (worn)
Jewellery
 l - an uncursed ring of protection from magic {unknown}
Scrolls
 c - 3 scrolls of teleportation {unknown}
 f - 2 scrolls of identify {unknown}
 g - 2 scrolls of remove curse {unknown}
 h - a scroll of immolation {unknown}
Potions
 j - a potion of flight {unknown}
 k - a potion of degeneration {unknown}
Comestibles
 d - 3 rations


   Skills:
 + Level 0.4 Fighting
 * Level 1.2 Short Blades
 + Level 1.7 Dodging
 - Level 3.6 Stealth
 + Level 2.3 Spellcasting
 * Level 3.3 Hexes


You had 4 spell levels left.
You knew the following spells:

 Your Spells              Type           Power        Failure   Level  Hunger
a - Corona                Hex            ##.....      5%          1    #......


Dungeon Overview and Level Annotations

Branches:
Dungeon (2/15)

Altars:
Ashenzari

Annotations:
D:2 Jessica, Sigmund


Innate Abilities, Weirdness & Mutations

You have extremely sharp teeth.
When hurt, damage is shared between your health and your magic reserves.
Your bite disrupts and absorbs the magic of your enemies.
Potions cannot restore your health.
You are immune to rotting.


Message History

Jessica falters for a moment.
You hit Jessica but do no damage.
Jessica is severely wounded.
Jessica hits you with a club.
You hit Jessica but do no damage.
Jessica is severely wounded.
Jessica hits you but does no damage.
You hit Jessica but do no damage.
Jessica is severely wounded.
Jessica hits you with a club.
You hit Jessica. You bite Jessica, but do no damage.
Jessica is almost dead.
Jessica misses you.
You closely miss Jessica. Your bite misses Jessica.
Jessica is almost dead.
Jessica falters for a moment.
You hit Jessica.
Jessica is almost dead.
Jessica hits you with a club.
You die...

...##########...#
#†# #
.#........).....##
#.# #
.(.(.............##
#.# #
.......##.........#
#.####
......(##..####...#
#.....
.......##..####..)#
#.##.)
....##.##..##.....#
#.##.#
....##.##..##.##..#
#.##.#
....##..)..##. #@.#
#....[
.##.....#.### #@.#
####.. . ## #..#
#..# ### ..# ...#
#.## #.# #.# #.#


You could see Jessica.

Vanquished Creatures
  2 bats
  A hobgoblin (D:2)
  6 kobolds
  6 rats
15 creatures vanquished.

Notes
Turn   | Place    | Note
-------+----------+-------------------------------------------
     0 | D:1      | iamserjio the Vine Stalker Enchanter began the quest for the Orb.
     0 | D:1      | Reached XP level 1. HP: 9/9 MP: 4/4
   452 | D:1      | Reached skill level 1 in Short Blades
   594 | D:1      | Reached XP level 2. HP: 13/13 MP: 4/6
   844 | D:2      | Noticed Sigmund
  1135 | D:2      | Found a shattered altar of Ashenzari.
  1139 | D:2      | Saw a vision of the Shoals and the Spider Nest.
  1139 | D:2      | Noticed a hippogriff
  1139 | D:2      | Noticed a merfolk siren
  1139 | D:2      | Noticed a sea snake
  1139 | D:2      | Noticed a sea snake
  1139 | D:2      | Noticed a merfolk
  1139 | D:2      | Noticed a merfolk
  1139 | D:2      | Noticed a redback
  1139 | D:2      | Noticed a wolf spider
  1140 | D:2      | Noticed a centaur
  1140 | D:2      | Noticed a merfolk
  1141 | D:2      | Noticed a scorpion
  1360 | D:2      | Noticed Jessica
  1375 | D:2      | Slain by Jessica

Vault maps used:
D:1:      sevenhm_arrival_forest_fort_small_3
D:2:      first_ration, grunt_ashenzari_visionary, uniq_sigmund, uniq_jessica

Skill      XL: |  1 |
---------------+----+-----
Short Blades   | 1 |  1.2
Fighting       | |  0.4
Dodging        | |  1.7
Stealth        | |  3.6
Spellcasting   | |  2.3
Hexes          | |  3.3

Action                   || total
-------------------------++-------
Melee: Dagger            ||    67
       Bite              ||    16
 Cast: Corona            ||     2
 Stab: Sleeping          ||     7
  Eat: Chunk             ||     1
Armor: Robe              ||    11
Dodge: Dodged            ||    31

Table legend:
 A = Spawn XP
 B = Non-spawn XP
 C = Spawn XP percentage of total XP
 D = Spawn monster count
 E = Non-spawn monster count
 F = Spawn count percentage of total count
 G = Total turns spent on level
                    A         B        C        D         E        F      G
               +---------+---------+-------+---------+---------+-------+---------
         Total |       0 |      23 |   0.0 |       0 |      15 |   0.0 |  1375
               +---------+---------+-------+---------+---------+-------+---------
           D:1 |       0 |      12 |   0.0 |       0 |       8 |   0.0 |   993
           D:2 |       0 |      11 |   0.0 |       0 |       7 |   0.0 |   382
               +---------+---------+-------+---------+---------+-------+---------
